 Dungeon Sprint DCSS version 0.29.1-12-g30fa7ad0bf (webtiles) character file.

Game seed: 15313954704644476801

0 Groucho the Trooper (level 1, -12/21 HPs)
             Began as a Naga Fighter on Dec 30, 2022.
             Was an Initiate of Cheibriados.
             Mangled by a red ugly thing (16 damage)
             ... in the Dungeon (Sprint V: "Ziggurat Sprint").
             The game lasted 00:02:07 (77 turns).

Groucho the Trooper (Naga Fighter)                    Turns: 77, Time: 00:02:07

Health: -12/21     AC: 21    Str: 31    XL:     1   Next: 0%
Magic:  1/1        EV:  0    Int:  9    God:    Cheibriados [......]
Gold:   0          SH: 26    Dex: 11    Spells: 0/0 levels left

rFire   . . .      SeeInvis +   B - +6 shillelagh "Devastator" {shatter}
rCold   . . .      Faith    .   A - +18 shield of the Gong {rElec rN+ Will+ EV-5}
rNeg    + . .      Spirit   .   z - +15 Maxwell's patent armour {-Cast -Tele rElec Will+ rCorr}
rPois   +          Reflect  .   (no helmet)
rElec   +          Harm     .   (no cloak)
rCorr   +          Rampage  .   (no gloves)
Will    ++...      NoTele   +   (no barding)
Stlth   .......... NoCast   +   (no amulet)
HPRegen 0.07/turn               x - +6 ring of strength
MPRegen 0.07/turn               y - +6 ring of strength

@: invisible, very slow
A: AC +0, large, see invisible, deformed body, poison resistance, slowness 2,
spit poison 1, naga tail 1
a: Spit Poison, Renounce Religion


You were in the Dungeon.
You worshipped Cheibriados.
Cheibriados was noncommittal.
You visited 1 branch

Inventory:

Hand Weapons
 B - the +6 shillelagh "Devastator" (weapon) {shatter}
   (You found it in the Dungeon)

   It releases a powerful concussive burst when it strikes, dealing extra damage
   to the target and all other foes adjacent to them.
Armour
 a - +5 gold dragon scales
 z - the +15 Maxwell's patent armour (worn) {-Cast -Tele rElec Will+ rCorr}
   (You found it in the Dungeon)

   rElec:     It insulates you from electricity.
   -Cast:     It prevents spellcasting.
   -Tele:     It prevents most forms of teleportation.
   rCorr:     It protects you from acid and corrosion.
   Will:      It increases your willpower.
 A - the +18 shield of the Gong (worn) {rElec rN+ Will+ EV-5}
   (You found it in the Dungeon)

   It is deafeningly noisy when blocking attacks.
   EV:        It affects your evasion (-5).
   rElec:     It insulates you from electricity.
   rN:        It protects you from negative energy.
   Will:      It increases your willpower.
Jewellery
 s - a ring of flight
 t - a +6 ring of dexterity
 u - a +6 ring of dexterity
 v - a +6 ring of intelligence
 w - a +6 ring of intelligence
 x - a +6 ring of strength (left hand)
 y - a +6 ring of strength (right hand)
Wands
 q - a wand of mindburst (7)
 r - a wand of quicksilver (7)
Scrolls
 b - 4 scrolls of amnesia
 c - 7 scrolls of butterflies
 j - 4 scrolls of blinking
 k - 5 scrolls of identify
 l - 2 scrolls of fear
Potions
 d - 6 potions of might
 e - 10 potions of curing
 f - 10 potions of heal wounds
 g - 6 potions of haste
 h - 7 potions of magic
 i - 3 potions of berserk rage
 m - 2 potions of brilliance
 n - a potion of invisibility
 o - 4 potions of resistance
 p - a potion of experience


   Skills:
 + Level 3.0 Fighting
 - Level 2.0 Maces & Flails
 + Level 2.4 Armour
 + Level 2.6 Shields
 * Level 0.0 Invocations


You couldn't memorise any spells.
You didn't know any spells.
Your spell library was empty.

Dungeon Overview and Level Annotations

Branches:
Dungeon (1/1)

Altars:
Ashenzari
Cheibriados
Dithmenos
Elyvilon
Fedhas
Gozag
Hepliaklqana
Kikubaaqudgha
Makhleb
Nemelex Xobeh
Okawaru
Qazlal
Ru
Sif Muna
Trog
Uskayaw
Vehumet
Wu Jian
Xom
Yredelemnul
Zin
The Shining One
Jiyva
Lugonu

Annotations:
D 1 transporter


Innate Abilities, Weirdness & Mutations

Your serpentine skin is tough. (AC +0)
You have supernaturally acute eyesight. (SInv)
Armour fits poorly on your strangely shaped body.
Your system is resistant to poisons. (rPois)
You cover ground very slowly.
You can spit poison.
You have a snake-like lower body.


Message History

Unknown command.
Unknown command.
Unknown command.
You catch the helpless brown ugly thing completely off-guard!
You sock the brown ugly thing!
The brown ugly thing and the red ugly thing shudder.
The brown ugly thing is severely wounded.
The red ugly thing is lightly wounded.
The brown ugly thing is severely wounded.
Unknown command.
Unknown command.
Unknown command.
You barely miss the brown ugly thing.
The brown ugly thing is severely wounded.
You block the brown ugly thing's attack.
PANG!
You closely miss the brown ugly thing.
The brown ugly thing is severely wounded.
The brown ugly thing pecks you!
You are splashed with acid.
You resist. You block the red ugly thing's attack.
BOUMMMMG!
You block the brown ugly thing's attack.
GONNNNG!
Unknown command.
Unknown command.
You barely miss the brown ugly thing.
The brown ugly thing is heavily wounded.
You block the brown ugly thing's attack.
GONNNNG!
Unknown command.
You sock the brown ugly thing!
The brown ugly thing and the red ugly thing shudder.
You kill the brown ugly thing!
Cheibriados appreciates the change of pace.
The red ugly thing is moderately wounded.
The red ugly thing trunk-slaps you.
* * * LOW HITPOINT WARNING * * *
You are engulfed in flames!
Ouch! That really hurt!
You die...

▓▓▓▓▓▓▓
▓.8©8.▓
▓.....▓
▓.).:.▓
▓.....▓
▓.u...▓
▓..@..▓
▓▓▓▓▓▓▓


You could see a red ugly thing (unable to see you).

Vanquished Creatures
  An ugly thing (D)
1 creature vanquished.

Notes
Turn   | Place    | Note
-------+----------+-------------------------------------------
     0 | D        | Groucho the Naga Fighter began the quest for the Orb.
     0 | D        | Reached XP level 1. HP: 21/21 MP: 1/1
    20 | D        | Found a blossoming altar of Fedhas.
    21 | D        | Found a hazy altar of Hepliaklqana.
    21 | D        | Found an opulent altar of Gozag.
    21 | D        | Found a viscous altar of Jiyva.
    21 | D        | Found a transporter.
    21 | D        | Found an ancient bone altar of Kikubaaqudgha.
    24 | D        | Became a worshipper of Cheibriados the Contemplative
    27 | D        | Found the +6 Majin-Bo {vamp, MP+6 Int+6}
    27 | D        | Found the +9 heavy crossbow "Sniper" {vorpal, Acc+∞ SInv}
    27 | D        | Found the +10 dark maul {vorpal}
    27 | D        | Found the +15 Maxwell's patent armour {-Cast -Tele rElec
                  | Will+ rCorr}
    27 | D        | Found the +18 shield of the Gong {rElec rN+ Will+ EV-5}
    27 | D        | Found the +14 obsidian axe {vorpal, Mesm Drain Fly SInv}
    28 | D        | Found a corrupted altar of Lugonu.
    28 | D        | Found the +7 great mace "Firestarter" {inner flame, rF++}
    28 | D        | Found the +6 shillelagh "Devastator" {shatter}
    28 | D        | Found the +11 plutonium sword {Contam Stlth-}
    28 | D        | Found the +8 lance "Wyrmbane" {slay drac, rPois rF+ rC+
                  | AC+3}
    28 | D        | Found the +9 sword of Zonguldrok {reap}
    28 | D        | Found the +13 scythe of Curses {drain, Drain}
    28 | D        | Found the +5 sword of Power {vorpal}
    28 | D        | Found the +7 mace of Variability {chain chaos}
    28 | D        | Found the +7 Singing Sword {vorpal, sonic wave}
    28 | D        | Found the +8 storm bow {elec, penet}
    30 | D        | Found a burning altar of Makhleb.
    31 | D        | Found a sacrificial altar of Ru.
    31 | D        | Found a shimmering blue altar of Sif Muna.
    31 | D        | Found a stormy altar of Qazlal.
    31 | D        | Found a bloodstained altar of Trog.
    31 | D        | Found an iron altar of Okawaru.
    31 | D        | Found a sparkling altar of Nemelex Xobeh.
    70 | D        | Entered arena 2.
    70 | D        | Noticed a purple ugly thing
    70 | D        | Noticed a red ugly thing
    70 | D        | Found a transporter.
    77 | D        | Killed a brown ugly thing
    77 | D        | Mangled by a red ugly thing

Illustrated notes

Levels and vault maps discovered:
D:        sprint_v [room_start, room_1, room_2, room_3, room_4, room_5, room_6,
          room_7, room_8, room_9, room_10, room_11, room_12, room_13, room_14,
          room_15, room_16, room_17, room_18, room_19, room_20, room_21,
          room_22, room_23, room_24, room_25, room_26, room_27]

Action                   || total
-------------------------++-------
Melee: Shillelagh        ||     6
  Use: Potion            ||     1
 Stab: Invisible         ||     1
Armor: Plate armour      ||     1
Block: Kite shield       ||     4
